 Dungeon Crawl Stone Soup version 0.29-a0-11-ga75d3d97ab (webtiles) character file.

Game seed: 7102745430690986344

74 testman the Skirmisher (level 4, -2/37 HPs)
             Began as a Formicid Abyssal Knight on Jan 28, 2022.
             Was a Believer of Lugonu.
             Slain by a jackal (3 damage)
             ... on level 3 of the Dungeon.
             The game lasted 00:07:49 (2134 turns).

testman the Skirmisher (Formicid Abyssal Knight)    Turns: 2134, Time: 00:07:50

Health: -2/37      AC:  9    Str: 19      XL:     4   Next: 54%
Magic:  5/5        EV:  7    Int:  9 (10) God:    Lugonu [**....]
Gold:   127        SH:  0    Dex: 11      Spells: 3/3 levels left

rFire   . . .      SeeInvis +   a - +1 spear
rCold   . . .      Faith    .   (no shield)
rNeg    . . .      Spirit   .   i - +0 chain mail
rPois   .          Reflect  .   (helmet unavailable)
rElec   .          Harm     .   (no cloak)
rCorr   .          Rampage  .   g - +0 pair of gloves
Will    .....                   (no boots)
Stlth   ..........              (no amulet)
HPRegen 0.12/turn               (no ring)
MPRegen 0.09/turn               (no ring)

@: unable to read
A: permanent stasis, dig shafts and tunnels, antennae 3, four strong arms,
deterioration 1, low mp 1, inability to read while threatened
a: Dig, Shaft Self, Renounce Religion, Depart the Abyss, Bend Space


You were on level 3 of the Dungeon.
You worshipped Lugonu.
Lugonu was pleased with you.
You visited 1 branch of the dungeon, and saw 3 of its levels.
You visited the Abyss 1 time.

You collected 127 gold pieces.

Inventory:

Hand Weapons
 a - a +1 spear (weapon)
Missiles
 c - 82 stones (quivered)
 h - 5 boomerangs
Armour
 b - a +0 leather armour
 g - a +0 pair of gloves (worn)
 i - a +0 chain mail (worn)
Scrolls
 d - 2 scrolls of identify {unknown}
 e - a scroll of vulnerability {unknown}
Potions
 f - a potion of curing
 j - a potion of degeneration {unknown}


   Skills:
 + Level 4.1 Fighting
 + Level 3.0 Polearms
 - Level 2.1 Armour
 - Level 0.8 Dodging
 + Level 3.5 Invocations


You had 3 spell levels left.
You didn't know any spells.
Your spell library contained the following spells:

 Spells                   Type           Power      Damage    Failure   Level
 Animate Skeleton         Necr           0%         N/A       99%         1
 Pain                     Necr           0%         1d4       99%         1
 Sandblast                Erth           0%         2d4       99%         1
 Passwall                 Tmut/Erth      0%         N/A       100%        2
 Stone Arrow              Conj/Erth      0%         3d7       100%        3
 Vampiric Draining        Necr           0%         2d6       100%        3


Dungeon Overview and Level Annotations

Branches:
Dungeon (3/15)

Altars:
Kikubaaqudgha


Innate Abilities, Weirdness & Mutations

You cannot be hasted, slowed, berserked, paralysed or teleported.
You can dig through walls and to a lower floor.
You have a pair of large antennae on your head. (SInv)
Your four strong arms can wield two-handed weapons with a shield.
Your body sometimes deteriorates upon taking damage.
Your magical capacity is low. (-10% MP)
You sometimes lose the ability to read scrolls when taking damage.


Message History

The quokka is moderately wounded.
The quokka barely misses you.
The gnoll hits you from afar with a +0 spear.
The quokka bites you.
You feel threatened and lose the ability to read scrolls!
You hit the quokka.
The quokka is heavily wounded.
The gnoll hits you but does no damage.
The quokka bites you but does no damage.
The gnoll hits you but does no damage.
You hit the quokka.
You kill the quokka!
Lugonu accepts your kill.
The gnoll hits you from afar with a +0 spear.
The jackal completely misses you.
You miss the jackal.
The gnoll hits you but does no damage. x2
The jackal bites you.
You closely miss the jackal.
The gnoll hits you from afar with a +0 spear. x2
The jackal bites you but does no damage.
The gnoll hits you from afar with a +0 spear.
* * * LOW HITPOINT WARNING * * *
Your body deteriorates!
You feel dopey.
A gnoll comes into view. It is wielding a +0 spear.
You are too injured to fight recklessly!
You are too injured to fight recklessly!
You are too injured to fight recklessly!
You are too injured to fight recklessly!
You are too injured to fight recklessly!
You closely miss the jackal. The jackal barely misses you.
The gnoll hits you from afar with a +0 spear.
* * * LOW HITPOINT WARNING * * *
The gnoll hits you but does no damage.
The jackal bites you but does no damage.
You hit the jackal.
The jackal is moderately wounded.
The gnoll hits you from afar with a +0 spear.
* * * LOW HITPOINT WARNING * * *
The gnoll hits you but does no damage. The jackal bites you.
You die...

{ {{ ## { .. #.####.
#...... ###
....#.g#### #..
#.......gg# #.#
..#....ggh###.# #
#.#######@##.#####.#
#...........
{#.#...........
#.......#########
{#.#.............#
...#.....######.##
###
#.....####...#####
........##..........
.........##..........


You could see a gnoll shaman, 3 gnolls, a jackal and a hobgoblin.

Vanquished Creatures
  2 adders (D:2)
  A worm (D:2)
  5 ball pythons
  2 bats
  An endoplasm (D:1)
  A giant cockroach (D:1)
  5 goblins
  8 hobgoblins
  9 jackals
  A kobold (D:1)
  4 quokkas
  2 frilled lizards (D:1)
  6 rats
47 creatures vanquished.

Notes
Turn   | Place    | Note
-------+----------+-------------------------------------------
     0 | Abyss:1  | testman the Formicid Abyssal Knight began the quest for the
                  | Orb.
     0 | Abyss:1  | Reached XP level 1. HP: 18/18 MP: 2/2
    85 | Abyss:1  | Noticed a neqoxec
   110 | Abyss:1  | Noticed a chaos spawn
   119 | Abyss:1  | Gained mutation: Your body sometimes deteriorates upon
                  | taking damage. [a neqoxec]
   131 | Abyss:1  | Gained mutation: Your magical capacity is low. (-10% MP) [a
                  | neqoxec]
   151 | Abyss:1  | Noticed a small abomination
   163 | Abyss:1  | Noticed an ancient zyme
   167 | Abyss:1  | Gained mutation: You sometimes lose the ability to read
                  | scrolls when taking damage. [a neqoxec]
   173 | D:1      | Escaped the Abyss
   425 | D:1      | Reached XP level 2. HP: 18/24 MP: 3/3
   897 | D:1      | Found a faded altar of an unknown god.
   960 | D:1      | Reached XP level 3. HP: 27/30 MP: 4/4
  1189 | D:2      | Reached ** piety under Lugonu
  1365 | D:2      | Reached skill level 4 in Fighting
  1365 | D:2      | Reached XP level 4. HP: 14/37 MP: 5/5
  1706 | D:2      | Found an ancient bone altar of Kikubaaqudgha.
  2134 | D:3      | HP: 1/37 [gnoll (3)]
  2134 | D:3      | Slain by a jackal

Illustrated notes

Levels and vault maps discovered:
D:1:      dpeg_arrival_tiny_d, layout_basic, hellmonk_ecumenical_altar_lost_god,
          chequers_hall_statues_wall_a, minmay_misc_feat_alley
D:2:      layout_basic, basic_altar
D:3:      layout_basic, minmay_checkerbox

Skill      XL: |  1  2  3  4 |
---------------+-------------+-----
Invocations    | 3 |  3.5
Fighting       | 4 |  4.1
Polearms       | 3 |  3.0
Armour         | |  2.1
Dodging        | |  0.8

Action                   |  1- 3 |  4- 6 || total
-------------------------+-------+-------++-------
Melee: Spear             |   100 |    70 ||   170
       Punch             |     1 |       ||     1
Throw: Stone             |     1 |       ||     1
  Use: Scroll            |     2 |       ||     2
       Potion            |       |     1 ||     1
Armor: Leather armour    |    25 |    19 ||    44
       Chain mail        |       |    19 ||    19
Dodge: Dodged            |    36 |    24 ||    60

Table legend: (Time is in decaauts)
 A = Elapsed time spent in this place.
 B = Non-inter-level travel time spent in this place.
 C = Inter-level travel time spent in this place.
 D = Time resting spent in this place.
 E = Time spent auto-exploring this place.
 F = Levels seen in this place.
 G = Mean time per level.
                   A        B        C        D        E       F      G
               +--------+--------+--------+--------+--------+-----+--------+
         Total |   2129 |   2115 |     14 |    372 |   1319 |   4 |  532.2 |
       Dungeon |   1956 |   1942 |     14 |    372 |   1234 |   3 |  652.0 |
         Abyss |    173 |    173 |      0 |      0 |     85 |   1 |  173.0 |
               +--------+--------+--------+--------+--------+-----+--------+

Top non-repeatable levels by time:
     D:1: 1010 daAuts
     D:2: 760 daAuts
     D:3: 185 daAuts
 Abyss:1: 173 daAuts
